 Dungeon Crawl Stone Soup version 0.29-a0-362-g5854e031c7 (webtiles) character file.

Game seed: 6950072402988681402

166292 quokkamancerX the Warrior (level 17, -9/178 HPs)
             Began as a Naga Berserker on Apr 29, 2022.
             Was a High Priest of Trog.
             Mangled by a swamp worm (11 damage)
             ... called by a spriggan druid
             ... on level 1 of the Swamp on Apr 30, 2022.
             The game lasted 03:01:06 (34254 turns).

quokkamancerX the Warrior (Naga Berserker)         Turns: 34254, Time: 03:01:06

Health: -9/178     AC: 26    Str: 26    XL:     17   Next: 89%
Magic:  17/17      EV: 26    Int:  8    God:    Trog [*****.]
Gold:   1950       SH:  0    Dex: 12    Spells: 16/16 levels left

rFire   + + .      SeeInvis +   h - +5 demon whip (chaos)
rCold   . . .      Faith    .   (no shield)
rNeg    + . .      Spirit   .   n - +1 fire dragon scales
rPois   +          Reflect  .   j - +2 helmet
rElec   .          Harm     .   t - +2 cloak
rCorr   .          Rampage  .   p - +2 pair of gloves
Will    ++...                   (no barding)
Stlth   ..........              u - amulet of the acrobat
HPRegen 0.39/turn               x - ring "Fuich" {rC+ rN+}
MPRegen 0.15/turn               P - +4 ring of protection

@: corroded, acrobatic, very slow
A: AC +5, large, see invisible, deformed body, poison resistance, slowness 2,
spit poison 1, naga tail 2
a: Spit Poison, Renounce Religion, Berserk, Trog's Hand, Brothers in Arms


You were on level 1 of the Swamp.
You worshipped Trog.
Trog was extremely pleased with you.
You visited 4 branches of the dungeon, and saw 24 of its levels.
You also visited: Bailey, Gauntlet, Ice Cave and Volcano.

You collected 3046 gold pieces.
You spent 1096 gold pieces at shops.

Inventory:

Hand Weapons
 h - a +5 demon whip of chaos (weapon)
Missiles
 d - 3 throwing nets
 e - 2 atropa-tipped darts
 q - 21 poisoned darts (quivered)
 C - a curare-tipped dart
Armour
 j - a +2 helmet (worn)
 n - +1 fire dragon scales (worn)
 p - a +2 pair of gloves (worn)
 t - a +2 cloak (worn)
Jewellery
 k - the ring of Zyn Umuq {rN+ Int+2}
   (You found it in a Gauntlet)

   [ring of positive energy]

   Int:       It affects your intelligence (+2).
   rN:        It protects you from negative energy.
 l - a +6 ring of strength
 u - an amulet of the acrobat (around neck)
 x - the ring "Fuich" (left hand) {rC+ rN+}
   (You bought it in a shop on level 2 of the Orcish Mines)

   [ring of positive energy]

   rC:        It protects you from cold.
   rN:        It protects you from negative energy.
 A - an amulet of reflection
 F - a ring of protection from cold
 P - a +4 ring of protection (right hand)
Wands
 a - a wand of flame (17)
 b - a wand of mindburst (8)
 G - a wand of charming (13)
 I - a wand of acid (13)
 K - a wand of digging (15)
 R - a wand of iceblast (14)
Scrolls
 c - 3 scrolls of fear
 s - 15 scrolls of teleportation
 y - 6 scrolls of fog
 D - 2 scrolls of holy word
 H - a scroll of immolation
 L - 7 scrolls of blinking
 M - a scroll of summoning
 N - 2 scrolls of silence
Potions
 f - 2 potions of invisibility
 g - 5 potions of might
 i - 3 potions of ambrosia
 o - 13 potions of curing
 r - 16 potions of mutation
 v - 5 potions of flight
 w - 4 potions of haste
 z - 7 potions of heal wounds
 B - 2 potions of cancellation
 E - 4 potions of attraction
 J - a potion of resistance
 S - 3 potions of lignification
Miscellaneous
 m - a phantom mirror
 O - a condenser vane


   Skills:
 - Level 18.0 Fighting
 - Level 12.5 Maces & Flails
 - Level 14.5 Armour
 - Level 10.0 Dodging
 + Level 14.3 Evocations


You had 16 spell levels left.
You didn't know any spells.
Your spell library was empty.

Dungeon Overview and Level Annotations

Branches:
Dungeon (15/15)            Temple (0/1) D:4            Lair (6/6) D:10
  Swamp (1/4) Lair:3        Snake (0/4) Lair:4        Slime (0/5) Lair:6
    Orc (2/2) D:9             Elf (0/3) Orc:2        Vaults (0/5) D:13
 Depths (0/4) D:15         Bailey (visited)           IceCv (visited)
Volcano (visited)         Gauntlet (visited)

Altars:
Cheibriados
Elyvilon
Hepliaklqana
Kikubaaqudgha
Makhleb
Okawaru
Ru
Trog
Vehumet
Xom
Yredelemnul
Beogh
Jiyva

Shops:
D:3 [   D:5 *   D:14 (   Orc:2 !(:=

Annotations:
D:3 3 runed translucent doors, HendSelp's ghost, amateur OgGl
D:7 exclusion: ice statue


Innate Abilities, Weirdness & Mutations

Your serpentine skin is tough. (AC +5)
You have supernaturally acute eyesight. (SInv)
Armour fits poorly on your strangely shaped body.
Your system is resistant to poisons. (rPois)
You cover ground very slowly.
You can spit poison.
You can use your snake-like lower body to constrict enemies.


Message History

* * * LOW HITPOINT WARNING * * *
You are yanked forward by the harpoon shot.
You barely miss the swamp worm. Your grab misses the swamp worm.
You closely miss the swamp worm. Your grab misses the swamp worm.
The swamp worm bites you but does no damage.
You closely miss the swamp worm. You grab the swamp worm.
You constrict the swamp worm.
The swamp worm bites you but does no damage.
You whack the swamp worm! You burn the swamp worm.
The swamp worm is heavily wounded.
You constrict the swamp worm.
The swamp worm fires a harpoon shot at you.
The harpoon shot misses you.
You thrash the swamp worm!!
You kill the swamp worm!
Trog accepts your kill.
The swamp worm fires a harpoon shot at you.
The harpoon shot hits you but does no damage.
You enter the shallow water.
Moving in this stuff is going to be slow.
The swamp worm attacks as you move away!
The swamp worm misses you.
You are no longer corroded.
The goliath frog hits you from afar.
* * * LOW HITPOINT WARNING * * *
You are splashed with acid!
* * * LOW HITPOINT WARNING * * *
The swamp worm bites you but does no damage.
As you read the scroll of fog, it crumbles to dust.
The scroll dissolves into smoke.
The goliath frog barely misses you.
The swamp worm bites you but does no damage.
The swamp worm attacks as you move away!
The swamp worm misses you.
The goliath frog hits you but does no damage.
The swamp worm completely misses you. The goliath frog hits you from afar!
* * * LOW HITPOINT WARNING * * *
The acid corrodes you!
You are splashed with acid.
* * * LOW HITPOINT WARNING * * *
The swamp worm bites you!
You die...

♣♣...F♣.≈.♣
♣♣♣♣♣≈.≈≈♣♣♣
♣♣....≈♣♣♣. ♣≈...≈≈≈..
♣♣♣...≈♣..≈
♣♣♣♣♣♣≈.≈...≈♣.. ♣♣♣♣
♣..§§§F§≈.....≈.
♣≈.♣♣♣≈≈§§§§§§.......
♣♣♣≈♣≈.♣≈.@w§§..♣.♣≈≈.
♣.≈....♣♣♣..≈..≈♣≈♣♣≈.
♣.§≈≈..♣♣♣.§≈.♣♣≈≈≈ ♣.
♣.§≈§.≈.♣≈?≈≈.♣ ≈≈≈≈
♣§≈≈≈..♣♣♣..≈.≈≈≈≈≈≈
♣♣.†[≈≈.≈≈....♣≈≈≈≈≈
♣♣..≈≈≈......♣♣≈♣
♣<..≈.♣♣.§♣♣♣ ♣♣
♣♣♣♣......≈


You could see a goliath frog and a swamp worm.

Vanquished Creatures
  Jorgrun (D:15)
  Roxanne (D:14)
  A frost giant (IceCv)
  The ghost of Onwo the Blocker, a journeyman DDNe of Uskayaw (D:14)
  2 orc warlords
  A bunyip (Swamp:1)
  A minotaur (Gauntlet)
  2 fire dragons
  The ghost of Fyzyjia Apiu the Fighter, a journeyman VSAK of Lugonu (D:13)
  2 vault guards (Bailey)
  9 hydras
  An ice dragon (D:12)
  Erolcha (D:11)
  2 ogre magi
  5 boulder beetles
  3 naga warriors (D:14)
  2 dancing weapons (D:13)
  14 death yaks
  8 centaur warriors
  9 two-headed ogres
  2 death scarabs (Gauntlet)
  3 tengu warriors (D:15)
  An orc high priest (Orc:1)
  Urug (Lair:4)
  7 hell knights (D:13)
  A deep elf knight (D:14)
  A spectral death yak (Gauntlet)
  12 skeletal warriors
  A spriggan druid (Swamp:1)
  A swamp dragon (shapeshifter) (D:13)
  A swamp dragon (Swamp:1)
  A deep elf archer (Volcano)
  A spectral hydra (Gauntlet)
  Pikel (D:8)
  4 orc knights
  A lindwurm (Lair:6)
  19 ugly things
  8 deep elf pyromancers
  2 wolf spiders (Lair:6)
  A necromancer (D:13)
  2 manticores
  14 orc sorcerers
  5 cyclopes
  10 elephants
  Joseph (D:8)
  5 black mambas
  3 molten gargoyles (Lair:6)
  An ice statue (IceCv)
  A torpor snail (Lair:6)
  6 cane toads
  2 gargoyles
  An efreet (D:15)
  A freezing wraith (D:15)
  10 komodo dragons
  2 tengu conjurers
  A minotaur zombie (Gauntlet)
  2 unseen horrors
  8 rime drakes (IceCv)
  A meliai (shapeshifter) (D:13)
  8 trolls
  2 hornets
  A tyrant leech (Gauntlet)
  A hornet (shapeshifter) (D:13)
  5 polar bears (IceCv)
  Prince Ribbit (Bailey)
  A tarantella (shapeshifter) (D:15)
  12 slime creatures
  A dream sheep (Lair:3)
  16 blink frogs
  A shadow (D:12)
  A spriggan (Swamp:1)
  A spriggan (shapeshifter) (D:15)
  6 wyverns
  2 humans (Bailey)
  61 yaks
  2 wraiths (D:11)
  7 fire elementals (Volcano)
  3 basilisks
  A spectral komodo dragon (Gauntlet)
  3 nagas (Lair:4)
  2 steam dragons
  2 vampire mosquitoes
  6 wargs
  6 swamp worms
  14 water moccasins
  12 hell hounds
  23 orc warriors
  2 ice beasts (D:7)
  2 sky beasts (D:6)
  A swamp drake (Lair:3)
  25 wolves
  10 ogres
  9 centaurs
  A lemure (D:8)
  2 kobold brigands
  A necrophage (D:6)
  21 bullfrogs
  A gnoll sergeant (D:7)
  2 scorpions
  10 killer bees
  3 electric eels
  3 howler monkeys
  5 lava snakes (Lair:6)
  5 hounds
  6 jellies
  21 orc priests
  A gnoll shaman (D:9)
  6 iguanas
  30 orc wizards
  20 gnolls
  4 adders
  14 white imps
  3 dart slugs
  65 orcs
  3 bats (D:1)
  20 endoplasms
  2 giant cockroaches
  4 hobgoblins
  5 jackals
  2 quokkas (D:3)
  7 ball pythons
  5 frilled lizards
  11 goblins
  13 kobolds
758 creatures vanquished.

Vanquished Creatures (collateral kills)
  A vampire mosquito (Swamp:1)
1 creature vanquished.

Vanquished Creatures (others)
  A stone giant (D:15)
  A vampire mosquito (Swamp:1)
  An acid dragon (D:13)
  An orc (Orc:2)
  A bush (Lair:6)
  15 demonic plants (Gauntlet)
  36 fungi
  40 plants
96 creatures vanquished.

Grand Total: 855 creatures vanquished

Notes
Turn   | Place    | Note
-------+----------+-------------------------------------------
     0 | D:1      | quokkamancerX the Naga Berserker began the quest for the
                  | Orb.
     0 | D:1      | Reached XP level 1. HP: 21/21 MP: 1/1
    40 | D:1      | You fall into a shaft and drop 1 floor!
   636 | D:1      | Reached XP level 2. HP: 28/28 MP: 2/2
  1373 | D:1      | Reached ** piety under Trog
  1577 | D:2      | Reached XP level 3. HP: 34/34 MP: 3/3
  2077 | D:2      | Found a faded altar of an unknown god.
  2529 | D:3      | Found Zulah's Armour Shop.
  2547 | D:3      | Bought a +0 pair of gloves for 63 gold pieces
  2797 | D:3      | Reached XP level 4. HP: 44/44 MP: 4/4
  2828 | D:3      | Noticed HendSelp's ghost (amateur OgGl)
  2850 | D:3      | Found a runed translucent gate.
  2850 | D:3      | Found a runed translucent gate.
  2850 | D:3      | Found a runed translucent gate.
  3061 | D:3      | Reached skill level 4 in Fighting
  3821 | D:3      | Reached XP level 5. HP: 50/51 MP: 5/5
  4213 | D:4      | Found a staircase to the Ecumenical Temple.
  4381 | D:5      | Entered Level 5 of the Dungeon
  4387 | D:5      | Noticed an ogre
  4394 | D:5      | Killed an ogre
  4395 | D:5      | Reached skill level 5 in Fighting
  4395 | D:5      | Reached skill level 5 in Maces & Flails
  4395 | D:5      | Reached XP level 6. HP: 57/61 MP: 6/6
  4841 | D:5      | Found Hismih's Neck Hole.
  4909 | D:5      | Reached XP level 7. HP: 67/68 MP: 7/7
  5225 | D:5      | Reached skill level 6 in Fighting
  5727 | D:6      | Reached XP level 8. HP: 63/78 MP: 8/8
  5815 | D:6      | Reached skill level 7 in Fighting
  6492 | D:6      | Noticed a yak
  6493 | D:6      | Noticed a yak
  6495 | D:6      | Noticed a yak
  6505 | D:6      | Killed a yak
  6506 | D:6      | Noticed a yak
  6507 | D:6      | Noticed a yak
  6508 | D:6      | Noticed a yak
  6510 | D:6      | Killed a yak
  6511 | D:6      | Reached skill level 8 in Fighting
  6540 | D:6      | Killed a yak
  6541 | D:6      | Reached XP level 9. HP: 90/90 MP: 9/9
  6764 | D:6      | Reached skill level 9 in Fighting
  6857 | D:6      | Reached *** piety under Trog
  7420 | D:7      | Found a flagged portal.
  7429 | Bailey   | Entered a bailey
  7671 | Bailey   | Reached skill level 10 in Fighting
  7671 | Bailey   | Reached skill level 10 in Maces & Flails
  7966 | Bailey   | Noticed Prince Ribbit
  7971 | Bailey   | Reached XP level 10. HP: 85/102 MP: 10/10
  7999 | Bailey   | Killed Prince Ribbit
  8209 | Bailey   | Noticed a vault guard
  8232 | Bailey   | Killed a vault guard
  8469 | Bailey   | Noticed a vault guard
  8489 | Bailey   | Killed a vault guard
  8490 | Bailey   | Reached skill level 11 in Fighting
  9028 | D:7      | Noticed an ice statue
  9392 | D:7      | Noticed a two-headed ogre
  9411 | D:7      | Killed a two-headed ogre
 10344 | D:8      | Reached XP level 11. HP: 105/114 MP: 11/11
 10441 | D:8      | Noticed Pikel
 10452 | D:8      | Killed Pikel
 10453 | D:8      | Reached skill level 12 in Fighting
 10601 | D:8      | Found a snail-covered altar of Cheibriados.
 10632 | D:8      | Reached skill level 1 in Evocations
 10758 | D:8      | Found a sacrificial altar of Ru.
 10766 | D:8      | Found a shimmering altar of Xom.
 10766 | D:8      | Noticed Joseph
 10981 | D:8      | Killed Joseph
 11047 | D:8      | Identified 2 scrolls of acquirement
 11047 | D:8      | Acquired a +2 eveningstar of draining
 11053 | D:8      | Acquired a +2 vampiric demon whip
 11219 | D:9      | Identified the +4 leather armour of Kisem {Fly rElec rF+}
 11319 | D:9      | Noticed a centaur warrior
 11332 | D:9      | Killed a centaur warrior
 11810 | D:9      | Found a basalt altar of Yredelemnul.
 11822 | D:9      | Found a bloodstained altar of Trog.
 12075 | D:9      | Found a staircase to the Orcish Mines.
 12262 | D:9      | Found a white marble altar of Elyvilon.
 12587 | D:9      | Reached **** piety under Trog
 12842 | D:5      | Bought a +2 cloak for 231 gold pieces
 12931 | D:10     | Entered Level 10 of the Dungeon
 13124 | D:10     | Noticed a two-headed ogre
 13132 | D:10     | Noticed a centaur warrior
 13469 | D:9      | Killed a centaur warrior
 13470 | D:9      | Reached skill level 5 in Evocations
 13610 | D:10     | Killed a two-headed ogre
 13712 | D:10     | Found a staircase to the Lair.
 13721 | D:10     | Noticed a centaur warrior
 13730 | D:10     | Killed a centaur warrior
 13731 | D:10     | Reached skill level 5 in Armour
 13863 | D:10     | Noticed a two-headed ogre
 13872 | D:10     | Killed a two-headed ogre
 13873 | D:10     | Reached XP level 12. HP: 122/122 MP: 12/12
 13939 | D:10     | Noticed a seven-headed hydra
 13956 | D:10     | Killed a seven-headed hydra
 14331 | D:10     | Noticed a two-headed ogre
 14338 | D:10     | Identified the +5 long sword of Miaveokh {spect, *Corrode
                  | rC+ Will+}
 14350 | D:10     | Killed a two-headed ogre
 14536 | D:10     | Identified the +2 dagger of the Seven Ziggurats {vorpal,
                  | rElec}
 14974 | D:10     | Reached skill level 14 in Fighting
 14974 | D:10     | Gained mutation: You can use your snake-like lower body to
                  | constrict enemies. [Naga growth]
 14974 | D:10     | Reached XP level 13. HP: 136/136 MP: 13/13
 14975 | D:10     | Reached XP level 14. HP: 145/145 MP: 14/14
 14994 | D:11     | Found an iron altar of Okawaru.
 15055 | D:11     | Acquired a manual of Armour
 15212 | D:11     | Noticed Erolcha
 15222 | D:11     | Killed Erolcha
 15777 | D:11     | Identified the +5 short sword of Ocuwnet {holy, rElec Str-2
                  | Int+4}
 15972 | Lair:1   | Entered Level 1 of the Lair of Beasts
 17569 | Lair:3   | Reached skill level 10 in Armour
 17923 | Lair:3   | Reached ***** piety under Trog
 18001 | Lair:3   | Found a staircase to the Swamp.
 18695 | Lair:4   | Found a staircase to the Snake Pit.
 18773 | Lair:4   | Reached XP level 15. HP: 152/152 MP: 15/15
 19045 | Lair:4   | Noticed Urug
 19057 | Lair:4   | Killed Urug
 19393 | Lair:5   | Found a dark tunnel.
 19401 | Volcano  | Entered a volcano
 20674 | Lair:6   | Entered Level 6 of the Lair of Beasts
 21289 | Lair:6   | Reached skill level 10 in Dodging
 21414 | Lair:6   | Received a gift from Trog
 21704 | Lair:6   | Found a viscous altar of Jiyva.
 21704 | Lair:6   | Found a staircase to the Slime Pits.
 22893 | Lair:6   | Found a large runed translucent door.
 22903 | Lair:6   | Found a large runed translucent door.
 23414 | D:9      | Upgraded the game from 0.29-a0-360-g8ed1089bbe to
                  | 0.29-a0-362-g5854e031c7
 23415 | Orc:1    | Entered Level 1 of the Orcish Mines
 23546 | Orc:1    | Received a gift from Trog
 23786 | Orc:1    | Noticed an orc warlord
 23889 | D:9      | Killed an orc warlord
 23892 | D:9      | Reached XP level 16. HP: 146/160 MP: 16/16
 24298 | Orc:2    | Entered Level 2 of the Orcish Mines
 24899 | Orc:2    | Found Sosy's Jewellery Shoppe.
 24949 | Orc:2    | Found an ancient bone altar of Kikubaaqudgha.
 24967 | Orc:2    | Reached skill level 15 in Fighting
 25029 | Orc:2    | Found a radiant altar of Vehumet.
 25031 | Orc:2    | Identified the +7 dire flail of Midsummer {vorpal, rF+}
                  | (Trog gifted it to you on level 2 of the Orcish Mines)
 25031 | Orc:2    | Received a gift from Trog
 25116 | Orc:2    | Found Pulupn's Book Emporium.
 25122 | Orc:2    | Paralysed by an orc sorcerer for 3 turns
 25133 | Orc:2    | Found Gunutiw's Antique Weapon Shoppe.
 25153 | Orc:2    | Found Aduron's Distillery.
 25382 | Orc:2    | Found a staircase to the Elven Halls.
 25510 | Orc:1    | Found a burning altar of Makhleb.
 25716 | Orc:2    | Bought a potion of might for 44 gold pieces
 25716 | Orc:2    | Bought a potion of heal wounds for 55 gold pieces
 25716 | Orc:2    | Bought a potion of might for 44 gold pieces
 25716 | Orc:2    | Bought a potion of curing for 33 gold pieces
 25716 | Orc:2    | Bought a potion of heal wounds for 55 gold pieces
 25716 | Orc:2    | Bought a potion of heal wounds for 55 gold pieces
 25716 | Orc:2    | Bought 2 potions of mutation for 176 gold pieces
 25772 | Orc:2    | Bought the ring "Fuich" {rC+ rN+} for 340 gold pieces
 25969 | D:12     | Found a frozen archway.
 26063 | IceCv    | Entered an ice cave
 26149 | IceCv    | Reached ****** piety under Trog
 26149 | IceCv    | Received a gift from Trog
 27450 | D:12     | Reached skill level 16 in Fighting
 27938 | D:13     | Reached skill level 10 in Evocations
 29107 | D:13     | Found a transporter.
 29108 | D:13     | Noticed Fyzyjia Apiu's ghost (journeyman VSAK)
 29371 | D:13     | Found a transporter.
 29480 | D:13     | Found a gate to the Vaults.
 29785 | D:13     | Received a gift from Trog
 29803 | D:13     | Killed Fyzyjia Apiu's ghost
 29838 | D:13     | Reached XP level 17. HP: 147/175 MP: 17/17
 30508 | D:14     | Found a gate leading to a gauntlet.
 30526 | Gauntlet | Entered a Gauntlet
 30526 | Gauntlet | Found a transporter.
 30529 | Gauntlet | Found a transporter.
 30532 | Gauntlet | Found a transporter.
 30533 | Gauntlet | Found a transporter.
 30536 | Gauntlet | Found a transporter.
 30537 | Gauntlet | Found a transporter.
 30546 | Gauntlet | Found a transporter.
 30551 | Gauntlet | Found a transporter.
 30567 | Gauntlet | Found a transporter.
 30581 | Gauntlet | Found a transporter.
 30585 | Gauntlet | Found a transporter.
 30596 | Gauntlet | Found a transporter.
 30843 | Gauntlet | Reached skill level 17 in Fighting
 30872 | Gauntlet | Identified the ring of Zyn Umuq {rN+ Int+2}
 31631 | D:14     | Found a runed translucent gate.
 31631 | D:14     | Found a runed translucent gate.
 31633 | D:14     | Found a runed translucent gate.
 31635 | D:14     | Noticed Onwo's ghost (journeyman DDNe)
 31683 | D:14     | Found an iron altar of Okawaru.
 31713 | D:14     | Killed Onwo's ghost
 32117 | D:14     | Identified the +9 dire flail "Mexe" {freeze, *Noise rElec
                  | rF++ rN+}
 32118 | D:14     | Identified the +0 robe "Doradui" {rC+}
 32119 | D:14     | Identified the +4 leather armour "Juuquer" {Str+3}
 32191 | D:14     | Found Qucawn's Weapon Boutique.
 32440 | D:14     | Noticed Roxanne
 32467 | D:14     | Killed Roxanne
 32682 | D:15     | Entered Level 15 of the Dungeon
 33151 | D:15     | Reached skill level 18 in Fighting
 33484 | D:15     | Found a hazy altar of Hepliaklqana.
 33580 | D:15     | Found a staircase to the Depths.
 33639 | D:15     | Noticed Jorgrun
 33653 | D:15     | Killed Jorgrun
 34134 | Swamp:1  | Entered Level 1 of the Swamp
 34254 | Swamp:1  | HP: 8/178 [goliath frog[a spriggan druid] (8)]
 34254 | Swamp:1  | HP: 2/178 [acid[a spriggan druid] (6)]
 34254 | Swamp:1  | Mangled by a swamp worm

Illustrated notes

Levels and vault maps discovered:
D:1:      dpeg_arrival_snail, layout_basic, hangedman_decor_points,
          dreamdust_mushroom_princess, minmay_tetromino_t4
D:2:      layout_basic, hellmonk_ecumenical_altar_slurped_away
D:3:      layout_basic, serial_shops, nicolae_shop_window_shopping,
          gammafunk_ghost_icy, corexii_leaking_fountain, minivault_25
D:4:      layout_rooms, temple_doors_ab
D:5:      layout_cave_pools, amethyst_killhole, kennysheep_cross_room,
          nicolae_shop_sticking_my_neck_out
D:6:      layout_basic, minmay_door_square
D:7:      lemuel_ice_statue, layout_loops_cross, enter_bailey_2,
          minmay_strange_pillars
D:8:      layout_basic, general_overflow_altar,
          mainiacjoe_overflow_catwalk_spiral, uniq_joseph, uniq_prince_ribbit1,
          uniq_pikel
D:9:      lemuel_slime, layout_basic, amethyst_overflow_temple_binary,
          mainiacjoe_overflow_tiny_flanked, minmay_orc_entry_guard_dogs,
          lightli_orcish_oven
D:10:     nzn_winding_woodlands_cross [nzn_winding_woodlands_5x15_lazy_stream,
          nzn_winding_woodlands_5x15_crooked,
          nzn_winding_woodlands_5x15_pathside_ponds,
          nzn_winding_woodlands_5x15_garden,
          nzn_winding_woodlands_15x15_thick_spiral], layout_long_grid,
          lair_entry_dummy, hangedman_decor_lopped, kennysheep_potato
D:11:     layout_loops_ring, okawaru_trees_1, uniq_erolcha
D:12:     layout_irregular_city, portal_ice_cave_entry_imps
D:13:     layout_long_grid, erik_vaults_1, nzn_ghost_randoct,
          minmay_rotating_lava
D:14:     layout_layer_cave, serial_shops, shop, gauntlet_entry_generic,
          gammafunk_ghost_fury_of_okawaru, nicolae_elevator_lobby_plus,
          hangedman_decor_slide_cut, uniq_roxanne
D:15:     grunt_enter_depths_snipers, layout_rooms,
          nicolae_hepliaklqana_hazy_memory, uniq_jorgrun
Lair:1:   layout_chaotic_city
Lair:2:   layout_gridlike
Lair:3:   layout_regular_city, minmay_swamp_entry_reptiles, wad_woods_river_01,
          grunt_megastairs_3
Lair:4:   layout_gridlike, minmay_snake_entry_guardpost_small,
          serial_bayou_shore_b, grunt_megastairs_1, serial_bayou_shore_a,
          lemuel_fruit_fields, uniq_urug
Lair:5:   layout_regular_city, enter_volcano_2, nicolae_lair_grove_arrangements,
          infiniplex_staircase_pool
Lair:6:   cheibrodos_lair_end_hotspot, layout_small_grid,
          dpeg_slime_entry_enclosed_altar, nicolae_lair_run_with_the_wolves
Swamp:1:  layout_basic_swamp, hangedman_swamp_pad, swamp_pool4
Orc:1:    layout_diamond_mine, bloody_makhleb
Orc:2:    kennysheep_orc_mage_school, layout_caves, basic_altar, library_closet

Skill      XL: |  1  2  3  4  5  6  7  8  9 10 11 12 13 14 15 16 17 |
---------------+----------------------------------------------------+-----
Maces & Flails | 4 5 6 8 10 11 12 | 12.5
Fighting       | 4 5 6 8 10 11 12 14 16 18 | 18.0
Evocations     | 6 7 11 14 | 14.3
Armour         | 5 6 8 11 14 | 14.5
Dodging        | 2 4 6 8 10 | 10.0

Action                   |  1- 3 |  4- 6 |  7- 9 | 10-12 | 13-15 | 16-18 || total
-------------------------+-------+-------+-------+-------+-------+-------++-------
Melee: Mace              |    98 |    34 |       |       |       |       ||   132
       Punch             |       |     1 |     2 |       |    14 |    20 ||    37
       Flail             |       |    54 |   228 |   169 |       |       ||   451
       Demon whip        |       |       |       |   265 |   816 |  1073 ||  2154
       Constrict         |       |       |       |       |   150 |   191 ||   341
       Demon trident     |       |       |       |       |       |    16 ||    16
Throw: Dart              |       |       |       |     6 |     5 |     3 ||    14
Invok: Berserk           |     2 |     5 |     7 |    20 |     8 |    17 ||    59
       Trog's Hand       |       |       |       |       |     1 |       ||     1
 Abil: Spit Poison       |    12 |     9 |    16 |    33 |    11 |    24 ||   105
Evoke: Wand              |       |       |       |       |       |     3 ||     3
  Use: Scroll            |       |    12 |     2 |    12 |    14 |     7 ||    47
       Potion            |       |       |       |     1 |     2 |    11 ||    14
 Stab: Confused          |       |       |       |       |     2 |     2 ||     4
       Paralysed         |       |       |       |       |       |     2 ||     2
Armor: Animal skin       |     1 |       |       |       |       |       ||     1
       Ring mail         |    32 |       |       |       |       |       ||    32
       Chain mail        |    14 |    46 |    94 |    81 |       |       ||   235
       Leather armour    |       |       |       |   112 |   116 |       ||   228
       Fire dragon scale |       |       |       |       |   195 |   446 ||   641
Dodge: Dodged            |    45 |    60 |   117 |   270 |   452 |   542 ||  1486
       Repelled          |       |       |       |     1 |       |       ||     1

Table legend: (Time is in decaauts)
 A = Elapsed time spent in this place.
 B = Non-inter-level travel time spent in this place.
 C = Inter-level travel time spent in this place.
 D = Time resting spent in this place.
 E = Time spent auto-exploring this place.
 F = Levels seen in this place.
 G = Mean time per level.
                   A        B        C        D        E       F      G
               +--------+--------+--------+--------+--------+-----+--------+
         Total |  41707 |  39251 |   2456 |  10714 |   8475 |  28 | 1489.5 |
       Dungeon |  26558 |  24777 |   1781 |   7124 |   3891 |  15 | 1770.5 |
          Lair |   8735 |   8270 |    465 |   1468 |   3865 |   6 | 1455.8 |
         Swamp |    144 |    144 |      0 |      0 |      0 |   1 |  144.0 |
  Orcish Mines |   2513 |   2305 |    208 |    363 |    440 |   2 | 1256.5 |
        Bailey |   1478 |   1478 |      0 |   1002 |     58 |   1 | 1478.0 |
      Ice Cave |   1174 |   1174 |      0 |    510 |      2 |   1 | 1174.0 |
       Volcano |    353 |    353 |      0 |    128 |      0 |   1 |  353.0 |
      Gauntlet |    748 |    748 |      0 |    118 |    217 |   1 |  748.0 |
               +--------+--------+--------+--------+--------+-----+--------+

Top non-repeatable levels by time:
     D:9: 3320 daAuts
  Lair:6: 2909 daAuts
    D:13: 2705 daAuts
     D:6: 2417 daAuts
    D:14: 2302 daAuts
    D:10: 2086 daAuts
     D:1: 1735 daAuts
     D:3: 1630 daAuts
     D:7: 1596 daAuts
   Orc:2: 1510 daAuts
  Lair:3: 1491 daAuts
  Bailey: 1478 daAuts
     D:2: 1449 daAuts
     D:8: 1376 daAuts
    D:15: 1376 daAuts
